 Dungeon Crawl Stone Soup version 0.31-a0-986-g5e6e4ef867 (webtiles) character file.

Game seed: 17701484925649599862

117047 bakla the Warrior (level 16, -17/143 HPs)
             Began as a Demonspawn Brigand on Nov 25, 2023.
             Was the Champion of Wu Jian.
             Shot with a bolt by a naga sharpshooter (28 damage)
             ... led by Vashnia
             ... on level 2 of the Snake Pit.
             The game lasted 01:02:57 (28611 turns).

bakla the Warrior (Demonspawn Brigand)             Turns: 28611, Time: 01:03:07

Health: -17/143    AC:  7    Str: 23    XL:     16   Next: 22%
Magic:  24/26      EV: 33    Int: 21    God:    Wu Jian [******]
Gold:   1613       SH:  0    Dex: 35    Spells: 22/29 levels left

rFire   + . .        X - +8 Vampire's Tooth {megavamp}
rCold   . . .        (no shield)
rNeg    + . .        L - +1 troll leather armour
rPois   +            g - +1 hat of Midnight {rCorr Int+3}
rElec   +            F - scarf of the Pits of Slime {shadows, Drain rElec rN+}
rCorr   +            (gloves unavailable)
SInv    .            f - +1 pair of boots {Stlth+}
Will    +....        H - amulet "Fijof" {rPois rF+ Regen+}
Stlth   ++++         d - ring "Omaacux" {Str+8 Int+3 Dex+6}
HPRegen 2.03/turn    Y - ring "Naugg" {rPois Str+4 Int-4 Dex+6}
MPRegen 0.20/turn

%: wizardry (x1)
@: exhausted
A: foul stench 2, big brain 3, demonic magic 3, demonic touch 3
a: Renounce Religion, Wall Jump, Serpent's Lash, Heavenly Storm


You were on level 2 of the Snake Pit.
You worshipped Wu Jian.
Wu Jian was exalted by your worship.
You visited 5 branches of the dungeon, and saw 25 of its levels.
You also visited: Gauntlet, Ice Cave and Volcano.

You collected 2059 gold pieces.
You spent 446 gold pieces at shops.

Inventory:

Hand Weapons
 X - the +8 Vampire's Tooth (weapon) {megavamp}
   (You found it in a Gauntlet)
Missiles
 q - 2 curare-tipped darts
 A - 4 throwing nets
Armour
 f - a +1 pair of boots of stealth (worn)
 g - the +1 hat of Midnight (worn) {rCorr Int+3}
   (You bought it in a shop on level 2 of the Orcish Mines)

   Int+3:     It affects your intelligence (+3).
   rCorr:     It protects you from acid and corrosion.
 u - the +1 ring mail of Plasticity {Will+++ Int-4 Dex+2}
   (You found it in a Gauntlet)

   Int-4:     It affects your intelligence (-4).
   Dex+2:     It affects your dexterity (+2).
   Will+++:   It greatly increases your willpower.
 F - the scarf of the Pits of Slime (worn) {shadows, Drain rElec rN+}
   (You found it in a Gauntlet)

   rElec:     It insulates you from electricity.
   rN+:       It protects you from negative energy.
   Drain:     It drains your maximum health when unequipped.
 L - a +1 troll leather armour (worn)
Jewellery
 d - the ring "Omaacux" (left hand) {Str+8 Int+3 Dex+6}
   (You found it on level 11 of the Dungeon)

   [ring of dexterity]

   Str+8:     It affects your strength (+8).
   Int+3:     It affects your intelligence (+3).
   Dex+6:     It affects your dexterity (+6).
 m - a ring of see invisible
 p - the ring "Ytaetal" {Ice rElec rCorr}
   (You found it on level 5 of the Dungeon)

   [ring of ice]

   Ice:       It enhances your ice magic.
   rF-:       It makes you vulnerable to fire.
   rC+:       It protects you from cold.
   rElec:     It insulates you from electricity.
   rCorr:     It protects you from acid and corrosion.
 t - a ring of protection from cold
 E - a ring of protection from fire
 H - the amulet "Fijof" (around neck) {rPois rF+ Regen+}
   (You acquired it on level 13 of the Dungeon)

   [amulet of regeneration]

   rF+:       It protects you from fire.
   rPois:     It protects you from poison Regen+: It increases your rate of
   health regeneration.
 P - a ring of flight
 Y - the ring "Naugg" (right hand) {rPois Str+4 Int-4 Dex+6}
   (You found it in a Gauntlet)

   [ring of dexterity]

   Str+4:     It affects your strength (+4).
   Int-4:     It affects your intelligence (-4).
   Dex+6:     It affects your dexterity (+6).
   rPois:     It protects you from poison
Wands
 c - a wand of roots (31)
 j - a wand of flame (4)
 s - a wand of charming (14)
 D - a wand of mindburst (31)
Scrolls
 a - a scroll of enchant weapon
 b - 4 scrolls of identify
 e - 2 scrolls of fog
 k - 8 scrolls of teleportation
 l - 3 scrolls of revelation
 n - 5 scrolls of immolation
 o - 4 scrolls of enchant armour
 y - a scroll of amnesia
 C - 5 scrolls of blinking
 I - a scroll of fear
 J - 2 scrolls of silence
 M - a scroll of torment
 N - a scroll of vulnerability
 O - 3 scrolls of poison
 S - a scroll of brand weapon
Potions
 h - 2 potions of attraction
 i - a potion of curing
 r - 2 potions of cancellation
 v - 2 potions of haste
 w - 2 potions of mutation
 x - 4 potions of ambrosia
 z - 5 potions of magic
 B - 4 potions of lignification
 G - a potion of heal wounds
 Q - 5 potions of might
 R - a potion of brilliance
 T - 2 potions of enlightenment
 U - 4 potions of berserk rage
Miscellaneous
 K - a phantom mirror


   Skills:
 + Level 17.8 Fighting
 + Level 12.2 Short Blades
 - Level 1.7 Throwing
 + Level 2.4 Armour
 + Level 16.2 Dodging
 - Level 3.6 Stealth
 - Level 7.0 Spellcasting
 - Level 5.0 Necromancy
 - Level 0.3 Ice Magic


You had 22 spell levels left.
You knew the following spells:

 Your Spells              Type           Power      Damage    Failure   Level
a - Freeze                Ice            32%        1d5       3%          1
b - Jinxbite              Hex            14%        N/A       6%          2
c - Apportation           Tloc           14%        N/A       4%          1
d - Vampiric Draining     Necr           28%        2d8       1%          3

Your spell library contained the following spells:

 Spells                   Type           Power      Damage    Failure   Level
 Necrotise                Necr           100%       1d9       1%          1
 Sandblast                Erth           14%        2d6       4%          1
 Blink                    Tloc           14%        N/A       6%          2
 Ensorcelled Hibernation  Hex/Ice        14%        N/A       6%          2
 Lesser Beckoning         Tloc           14%        N/A       6%          2
 Momentum Strike          Conj/Tloc      14%        3d8       6%          2
 Passwall                 Tmut/Erth      5%         N/A       6%          2
 Poisonous Vapours        Pois/Air       14%        N/A       6%          2
 Scorch                   Fire           14%        2d5       6%          2
 Frozen Ramparts          Ice            16%        1d3       11%         3
 Call Canine Familiar     Summ           7%         N/A       12%         3
 Dazzling Flash           Conj/Hex       14%        N/A       12%         3
 Gell's Gravitas          Tloc           7%         N/A       12%         3
 Hailstorm                Conj/Ice       7%         3d4       12%         3
 Ignite Poison            Fire/Tmut/Pois 7%         N/A       12%         3
 Inner Flame              Hex/Fire       7%         N/A       12%         3
 Mephitic Cloud           Conj/Pois/Air  7%         N/A       12%         3
 Sigil of Binding         Hex            7%         N/A       12%         3
 Volatile Blastmotes      Fire/Tloc      14%        2d11      12%         3
 Agony                    Necr           28%        N/A       14%         5
 Dimensional Bullseye     Hex/Tloc       3%         N/A       36%         4
 Flame Wave               Conj/Fire      7%         2d5       36%         4
 Leda's Liquefaction      Hex/Erth       3%         N/A       36%         4
 Manifold Assault         Tloc           7%         N/A       36%         4
 Passage of Golubria      Tloc           7%         N/A       36%         4
 Sticky Flame             Conj/Fire      7%         2d3       36%         4
 Vhi's Electric Charge    Tloc/Air       14%        N/A       36%         4
 Alistair's Intoxication  Tmut/Pois      4%         N/A       69%         5
 Arcjolt                  Conj/Air       3%         1d13      69%         5
 Freezing Cloud           Conj/Ice/Air   3%         6-21      69%         5
 Silence                  Hex/Air        3%         N/A       69%         5
 Summon Forest            Summ/Tloc      3%         N/A       69%         5
 Yara's Violent Unravell  Hex/Tmut       3%         3d4       69%         5
 Conjure Ball Lightning   Conj/Air       3%         3x3d6     99%         6
 Plasma Beam              Fire/Air       3%         2x1d13    99%         6
 Starburst                Conj/Fire      3%         6d3       99%         6
 Summon Cactus Giant      Summ           3%         N/A       99%         6
 Haunt                    Necr/Summ      8%         N/A       100%        7
 Discord                  Hex            3%         N/A       100%        8
 Disjunction              Tloc           3%         N/A       100%        8
 Ignition                 Fire           3%         3d4       100%        8
 Lehudib's Crystal Spear  Conj/Erth      3%         10d3      100%        8
 Maxwell's Capacitive Co  Air            3%         ∞         100%        8


Dungeon Overview and Level Annotations

Branches:
Dungeon (15/15)            Temple (1/1) D:6            Lair (5/5) D:10
 Shoals (0/4) Lair:3        Snake (2/4) Lair:2        Slime (0/5) Lair:4
    Orc (2/2) D:11            Elf (0/3) Orc:2        Vaults (0/5) D:14
 Depths (0/4) D:15          IceCv (visited)         Volcano (visited)
Gauntlet (visited)

Altars:
Ashenzari
Cheibriados
Dithmenos
Fedhas
Gozag
Hepliaklqana
Kikubaaqudgha
Makhleb
Nemelex Xobeh
Okawaru
Qazlal
Ru
Sif Muna
Trog
Uskayaw
Vehumet
Wu Jian
Xom
Yredelemnul

Shops:
D:3 (   D:9 *   Orc:2 ([((

Annotations:
D:8 Maurice
Snake:2 Vashnia


Innate Abilities, Weirdness & Mutations

You sometimes emit foul miasma when damaged in melee.
You have an absolutely massive brain. (Int +6, Wiz)
Spells you cast and wands you use may paralyse nearby enemies.
Your touch may irresistibly damage your foes and sap their willpower.


Message History

You barely miss Vashnia. Your touch misses Vashnia.
Vashnia is almost dead.
You puncture Vashnia! Your touch misses Vashnia.
You hit Vashnia but do no damage.
Vashnia is almost dead.
You spin and attack the naga sharpshooter.
You hit the naga sharpshooter but do no damage.
Your touch misses the naga sharpshooter.
You barely miss the naga sharpshooter.
The naga sharpshooter is lightly wounded.
The naga sharpshooter shoots a bolt.
The bolt hits you!!
* * * LOW HITPOINT WARNING * * *
Vashnia gestures wildly while chanting.
Vashnia magically shoots an arrow.
The arrow hits you!
* * * LOW HITPOINT WARNING * * *
The naga sharpshooter gestures wildly while chanting.
The naga sharpshooter magically shoots a bolt.
The bolt barely misses you.
Things that are here:
a +0 broad axe; a +0 arbalest; a naga corpse Unknown command.
Okay, then.
Okay, then.
Press: ? - help, v - describe, . - travel
Here: a naga sharpshooter, wielding a +0 arbalest (lightly wounded)
The floor.
Press: ? - help, v - describe, . - travel
Here: a naga sharpshooter, wielding a +0 arbalest (lightly wounded)
The floor.
Press: ? - help, v - describe, . - travel
Here: Vashnia, wielding a +0 longbow and wearing a +0 barding of flying (almost dead, weak-willed)
The floor, spattered with blood.
As you read the scroll of fear, it crumbles to dust.
You assume a fearsome visage.
Vashnia resists with almost no effort.
The naga sharpshooter resists with some effort.
The naga sharpshooter looks frightened!
Vashnia shoots an arrow.
The arrow hits you!!
* * * LOW HITPOINT WARNING * * *
The naga sharpshooter shoots a bolt.
The bolt hits you!!
You die...

##### #.... #...#
######..## #...#
.........# ##...###
######...# ###......
#...# #..N..)# ###...#
#.....)# #.....#
#..[..N#########...###
##..N@......$.....<.†.
###############...###
#...# #...# #####


You could see Vashnia (weak-willed) and 2 naga sharpshooters.

Vanquished Creatures
  An orc warlord (Orc:2)
  An ironbound thunderhulk (D:14)
  Nessos (Lair:4)
  A minotaur (Gauntlet)
  An ettin (Orc:2)
  A fire dragon (Volcano)
  An entropy weaver (shapeshifter) (D:15)
  2 vault guards (D:14)
  7 hydras
  2 centaur warriors (D:15)
  Erica (D:9)
  A catoblepas (Lair:1)
  2 boulder beetles
  2 ogre magi
  10 two-headed ogres
  An anaconda (Snake:1)
  2 tengu warriors
  4 death yaks (Lair:5)
  2 naga warriors (Snake:1)
  An occultist (D:15)
  5 naga sharpshooters
  4 orc high priests (Orc:2)
  2 thrashing horrors (Gauntlet)
  A hell hog (Volcano)
  2 shock serpents (Snake:1)
  A skeletal warrior (D:10)
  2 deep elf pyromancers (D:14)
  An arcanist (D:14)
  5 orc knights
  A lindwurm (Lair:4)
  6 cyclopes
  5 orc sorcerers
  6 ugly things (D:14)
  2 wolf spiders
  5 manticores
  A salamander (Snake:1)
  2 guardian serpents
  2 merfolk sirens (Lair:3)
  18 black mambas
  15 elephants
  5 naga magi
  A gargoyle (D:8)
  11 cane toads
  2 kobold demonologists (D:10)
  3 rime drakes
  An unseen horror (D:13)
  2 freezing wraiths (D:10)
  3 yaktaurs (D:13)
  12 komodo dragons
  6 tengu conjurers
  16 trolls
  A merfolk (Lair:3)
  A meliai (D:14)
  A hornet (shapeshifter) (D:13)
  5 polar bears
  4 hornets
  11 blink frogs
  4 dream sheep (Lair:3)
  15 slime creatures
  5 flying skulls (Gauntlet)
  A centaur simulacrum (D:13)
  57 yaks
  2 shadows
  2 vampires
  2 humans (D:14)
  4 small abominations (Gauntlet)
  3 wraiths
  A yak (shapeshifter) (D:14)
  A fire bat (shapeshifter) (D:10)
  17 wyverns
  9 fire bats (Volcano)
  A hog (shapeshifter) (D:13)
  A basilisk (Lair:1)
  2 redbacks (Lair:5)
  A vampire mosquito (D:10)
  7 steam dragons
  A death yak simulacrum (IceCv)
  5 wargs
  3 acid dragons
  25 water moccasins
  10 nagas
  A meliai simulacrum (D:13)
  45 orc warriors
  2 sky beasts
  A black bear (D:6)
  5 ice beasts
  19 ogres
  3 boggarts (D:15)
  8 centaurs
  16 wolves
  5 kobold brigands
  10 bullfrogs
  3 gnoll sergeants
  A scorpion (D:5)
  5 wights (D:8)
  A killer bee (D:10)
  3 electric eels
  3 howler monkeys
  4 gnoll boudas
  31 orc priests
  5 hounds
  A sleepcap (D:5)
  Jessica (D:2)
  4 iguanas
  17 orc wizards
  7 hell rats (Lair:5)
  A polar bear simulacrum (IceCv)
  2 wolf simulacra (IceCv)
  34 gnolls
  5 adders
  2 shadow imps (D:7)
  4 white imps
  5 ufetubi
  6 worms
  4 dart slugs
  96 orcs
  9 ball pythons
  9 bats
  8 endoplasms
  2 giant cockroaches
  4 goblins
  8 hobgoblins
  10 jackals
  15 kobolds
  3 quokkas
  5 frilled lizards
  6 rats
  A butterfly (Lair:1)
834 creatures vanquished.

Vanquished Creatures (others)
  A naga (Snake:2)
1 creature vanquished.

Grand Total: 835 creatures vanquished

Notes
Turn   | Place    | Note
-------+----------+-------------------------------------------
     0 | D:1      | bakla the Demonspawn Brigand began the quest for the Orb.
     0 | D:1      | Reached XP level 1. HP: 16/16 MP: 1/1
    80 | D:1      | Reached skill level 1 in Dodging
   155 | D:1      | Gained mutation: Spells you cast may paralyse adjacent
                  | enemies. [demonic ancestry]
   155 | D:1      | Reached XP level 2. HP: 18/22 MP: 2/2
   557 | D:1      | Reached XP level 3. HP: 15/28 MP: 3/3
   907 | D:2      | Noticed Jessica
   916 | D:2      | Killed Jessica
   923 | D:2      | Gained mutation: Spells you cast may paralyse nearby
                  | enemies. [demonic ancestry]
   923 | D:2      | Reached XP level 4. HP: 17/34 MP: 4/4
  1554 | D:2      | Learned a level 1 spell: Freeze
  1621 | D:2      | Identified the +0 pair of gloves "Aput" {rN+}
  2118 | D:3      | Found Guneod's Antique Weapon Shop.
  2408 | D:3      | Learned a level 2 spell: Jinxbite
  2634 | D:4      | Reached skill level 3 in Fighting
  2634 | D:4      | Gained mutation: You have an unusually large brain. (Int
                  | +2) [demonic ancestry]
  2634 | D:4      | Reached XP level 5. HP: 41/41 MP: 5/5
  3213 | D:4      | Reached skill level 1 in Spellcasting
  3659 | D:5      | Entered Level 5 of the Dungeon
  3733 | D:5      | Gained mutation: Your touch may inflict minor irresistible
                  | damage on your foes. [demonic ancestry]
  3733 | D:5      | Reached XP level 6. HP: 47/47 MP: 5/8
  4000 | D:5      | Reached skill level 4 in Fighting
  4029 | D:5      | Identified the ring "Ytaetal" {Ice rElec rCorr}
  4045 | D:5      | Gained mutation: You may rarely emit foul miasma when
                  | damaged in melee. [demonic ancestry]
  4045 | D:5      | Reached XP level 7. HP: 54/54 MP: 8/10
  5258 | D:5      | Learned a level 1 spell: Apportation
  5783 | D:6      | Found a staircase to the Ecumenical Temple.
  5794 | Temple   | Entered the Ecumenical Temple
  5829 | D:6      | Reached skill level 5 in Short Blades
  5833 | D:6      | Gained mutation: You have an extremely huge brain. (Int +4)
                  | [demonic ancestry]
  5833 | D:6      | Reached XP level 8. HP: 53/61 MP: 7/13
  5926 | D:6      | Reached skill level 5 in Fighting
  6627 | D:7      | Reached skill level 5 in Dodging
  6735 | D:7      | Reached skill level 6 in Fighting
  6780 | D:7      | Gained mutation: Your touch may inflict irresistible damage
                  | on your foes. [demonic ancestry]
  6780 | D:7      | Reached XP level 9. HP: 69/69 MP: 12/16
  6793 | D:7      | Reached skill level 5 in Spellcasting
  7459 | D:7      | Reached skill level 7 in Fighting
  7901 | D:8      | Noticed a two-headed ogre
  7940 | D:8      | Killed a two-headed ogre
  8120 | D:8      | Gained mutation: You have an absolutely massive brain. (Int
                  | +6, Wiz) [demonic ancestry]
  8120 | D:8      | Reached XP level 10. HP: 80/80 MP: 14/17
  8168 | D:8      | Noticed Maurice
  8199 | D:8      | Reached skill level 8 in Fighting
  8473 | D:8      | Noticed a gargoyle
  8480 | D:8      | Killed a gargoyle
  8557 | D:8      | Found a snail-covered altar of Cheibriados.
  8882 | D:8      | Noticed a two-headed ogre
  8893 | D:8      | Killed a two-headed ogre
  8894 | D:8      | Reached skill level 9 in Fighting
  9348 | D:9      | Identified the "Couf"
  9733 | D:9      | Found Dam Dame's Fire Supplies.
  9914 | D:9      | Noticed Erica
  9933 | D:9      | Killed Erica
  9934 | D:9      | Reached XP level 11. HP: 60/89 MP: 8/18
 10074 | D:9      | Found a radiant altar of Vehumet.
 10074 | D:9      | Found a hide-covered altar of Uskayaw.
 10434 | D:10     | Entered Level 10 of the Dungeon
 10840 | D:10     | Found an ornate altar of the Wu Jian Council.
 10848 | D:10     | Became a worshipper of the Wu Jian Council
 10945 | D:10     | Found a staircase to the Lair.
 10998 | D:10     | Found a runed translucent door.
 10999 | D:10     | Found a runed translucent door.
 10999 | D:10     | Noticed an eight-headed hydra
 11000 | D:10     | Found a runed translucent door.
 11046 | D:10     | Found a burning altar of Makhleb.
 11049 | D:10     | Found a blossoming altar of Fedhas.
 11063 | D:10     | Found a basalt altar of Yredelemnul.
 11236 | D:10     | Noticed a two-headed ogre
 11248 | D:10     | Killed a two-headed ogre
 11249 | D:10     | Reached skill level 10 in Short Blades
 11512 | Gauntlet | Identified the "Ohul"
 11512 | Gauntlet | Identified the "Tire"
 11512 | Lair:1   | Entered Level 1 of the Lair of Beasts
 11522 | Lair:1   | Reached skill level 10 in Fighting
 11868 | Lair:1   | Noticed a catoblepas
 12136 | Lair:1   | Reached * piety under Wu Jian
 12346 | Lair:1   | You fall into a shaft and drop 1 floor!
 12358 | Lair:2   | Reached skill level 11 in Fighting
 12363 | Lair:2   | Gained mutation: Your touch may irresistibly damage your
                  | foes and sap their willpower. [demonic ancestry]
 12363 | Lair:2   | Reached XP level 12. HP: 97/100 MP: 15/21
 12500 | Lair:2   | Reached skill level 10 in Dodging
 13219 | Lair:2   | Found a staircase to the Snake Pit.
 13256 | Lair:2   | Reached skill level 12 in Fighting
 13277 | Lair:2   | Reached ** piety under Wu Jian
 15086 | Lair:3   | Noticed a seven-headed hydra
 15594 | Lair:3   | Reached skill level 13 in Fighting
 15653 | Lair:3   | Noticed a seven-headed hydra
 15659 | Lair:3   | Killed a seven-headed hydra
 15660 | Lair:3   | Reached XP level 13. HP: 107/111 MP: 16/23
 16162 | Lair:4   | Noticed Nessos
 16177 | Lair:4   | Killed Nessos
 16222 | Lair:4   | Found a dark tunnel.
 16230 | Volcano  | Entered a volcano
 16286 | Volcano  | Noticed a fire dragon
 16297 | Volcano  | Killed a fire dragon
 16314 | Volcano  | Identified the +3 pair of gloves of the Sparrow {Str+6}
 16673 | Lair:4   | Found a basalt altar of Yredelemnul.
 16686 | Lair:4   | Found a staircase to the Slime Pits.
 16851 | Lair:4   | Reached *** piety under Wu Jian
 16855 | Lair:4   | Reached skill level 14 in Fighting
 16953 | Lair:4   | Found a burning altar of Makhleb.
 17303 | Lair:5   | Entered Level 5 of the Lair of Beasts
 17996 | Lair:5   | Learned a level 3 spell: Vampiric Draining
 18034 | Lair:5   | Reached skill level 15 in Fighting
 18034 | Lair:5   | Reached skill level 1 in Necromancy
 18034 | Lair:5   | Gained mutation: You sometimes emit foul miasma when
                  | damaged in melee. [demonic ancestry]
 18034 | Lair:5   | Reached XP level 14. HP: 123/123 MP: 24/24
 18888 | Lair:5   | Reached **** piety under Wu Jian
 19246 | Lair:3   | Found a staircase to the Shoals.
 19779 | D:10     | Reached skill level 5 in Necromancy
 19789 | D:10     | Identified the amulet "Iptom" {Reflect rPois rC- MP+9 SH+5}
 20084 | D:11     | Identified the ring of Hiecubad {rPois rF+ rC- rN++ Stlth+}
 20102 | D:11     | Found a staircase to the Orcish Mines.
 20168 | D:11     | Found a gate leading to a gauntlet.
 20179 | Gauntlet | Entered a Gauntlet
 20179 | Gauntlet | Found a transporter.
 20179 | Gauntlet | Found a transporter.
 20191 | Gauntlet | Found a transporter.
 20195 | Gauntlet | Found a transporter.
 20206 | Gauntlet | Found a transporter.
 20207 | Gauntlet | Found a transporter.
 20223 | Gauntlet | Found a transporter.
 20231 | Gauntlet | Found a transporter.
 20245 | Gauntlet | Found a transporter.
 20249 | Gauntlet | Found a transporter.
 20249 | Gauntlet | Found the +8 Vampire's Tooth {megavamp}
 20261 | Gauntlet | Found a transporter.
 20261 | Gauntlet | Found a transporter.
 20692 | Gauntlet | Reached skill level 16 in Fighting
 20706 | Gauntlet | Identified the ring "Naugg" {rPois Str+4 Int-4 Dex+6}
 20891 | Gauntlet | Identified the +6 sling of Eneseuf {flame, Drain rElec
                  | Dex+2}
 20891 | Gauntlet | Identified the +2 trident of Destiny {spect, Fly rC- Int+2}
 20891 | Gauntlet | Identified the +5 kite shield of the Fuzzy God {rElec rC+}
 20923 | Gauntlet | Identified the +1 ring mail of Plasticity {Will+++ Int-4
                  | Dex+2}
 20929 | Gauntlet | Identified the scarf of the Pits of Slime {shadows, Drain
                  | rElec rN+}
 21039 | D:11     | Identified the ring "Omaacux" {Str+8 Int+3 Dex+6}
 21915 | D:12     | Reached ***** piety under Wu Jian
 22513 | D:13     | Identified a scroll of acquirement
 22513 | D:13     | Acquired the amulet "Fijof" {rPois rF+ Regen+}
 22766 | D:13     | Reached skill level 15 in Dodging
 22767 | D:13     | Reached XP level 15. HP: 132/132 MP: 25/25
 22940 | D:13     | Found a frozen archway.
 22950 | IceCv    | Entered an ice cave
 24048 | D:14     | Found a gate to the Vaults.
 24371 | D:15     | Entered Level 15 of the Dungeon
 24511 | D:15     | Reached skill level 17 in Fighting
 24764 | D:15     | Noticed a fire giant
 24765 | D:15     | Found a staircase to the Depths.
 25142 | Orc:1    | Entered Level 1 of the Orcish Mines
 25558 | Orc:2    | Entered Level 2 of the Orcish Mines
 25947 | Orc:2    | Reached ****** piety under Wu Jian
 26196 | Orc:2    | Found a staircase to the Elven Halls.
 26250 | Orc:2    | Found Nicwup's Armour Shoppe.
 26441 | Orc:2    | Found Huguys's Antique Weapon Shop.
 26780 | Orc:2    | Found Uduar's Weapon Boutique.
 26805 | Orc:2    | Found Marriude's Antique Weapon Shop.
 27212 | Orc:2    | Bought the +1 hat of Midnight {rCorr Int+3} for 446 gold
                  | pieces
 27544 | Snake:1  | Entered Level 1 of the Snake Pit
 27622 | Snake:1  | Gained mutation: Spells you cast and wands you use may
                  | paralyse nearby enemies. [demonic ancestry]
 27622 | Snake:1  | Reached XP level 16. HP: 142/143 MP: 22/26
 27903 | Snake:1  | Reached skill level 1 in Armour
 28599 | Snake:2  | Noticed Vashnia
 28611 | Snake:2  | Shot with a bolt by a naga sharpshooter

Illustrated notes

Levels and vault maps discovered:
D:1:      matt_arrival_los_fun, layout_basic, serial_bayou_pond_d,
          minmay_split_cup_small
D:2:      minmay_angry_zag, layout_loops_ring, minmay_small_reverse_x,
          uniq_jessica
D:3:      layout_rooms, serial_shops, shop, minmay_crystal_water
D:4:      layout_cave_pods
D:5:      layout_cave_pods
D:6:      layout_rooms, minmay_temple_entry_wispy
D:7:      layout_cave_pods
D:8:      minmay_s_stair_smasher, layout_basic, old_standard_altar, uniq_maurice
D:9:      layout_cross, gammafunk_temple_overflow_statue, grunt_ministairs_12,
          nicolae_shop_fire_sale [nicolae_sub_dead_trees],
          reono_crystal_passage, uniq_erica
D:10:     minmay_the_grid_triangle_9x9_rhombus_thin_mashed
          [minmay_the_grid_triangle_9x9_skeleton,
          minmay_the_grid_triangle_9x9_prize_center,
          minmay_the_grid_triangle_9x9_fully_insulated_deathbox,
          minmay_the_grid_triangle_9x9_descending_squares], layout_gridville,
          mainiacjoe_overflow_small_starburst, grunt_temple_overflow_cloverleaf,
          lair_entry_dummy
D:11:     layout_irregular_city, orc_0_dummy, gauntlet_entry_generic,
          minmay_three_doors
D:12:     layout_roguey, nicolae_the_louvre
D:13:     layout_grid_maze, serial_ice, serial_ice_c, serial_ice_n,
          serial_ice_a, serial_ice_k, serial_ice_h,
          portal_ice_cave_entry_pillars_2
D:14:     layout_small_grid, hellmonk_vaults_keyhole, roderic_roman_lattice,
          minmay_fractal_squares_gapless_5
D:15:     grunt_enter_depths_giant_problem, layout_irregular_city,
          nrook_campfire
Temple:   compressed_dpeg_circular_temple
Lair:1:   layout_regular_city, serial_bayou_shore_b, serial_bayou_shore_b,
          grunt_megastairs_5, lemuel_fruit_fields
Lair:2:   layout_gridlike, minmay_snake_entry_guardpost_small,
          infiniplex_staircase_pool
Lair:3:   layout_regular_city, elwin_shoals_entry_rooms, serial_bayou,
          serial_bayou_shore_a, serial_bayou_pond_c, serial_bayou_pond_b,
          serial_bayou_pond_d, lemuel_fruit_fields
Lair:4:   layout_regular_city, slime_entry_1, basic_altar, enter_volcano_2,
          lemuel_centaur_altar, lemuel_fruit_tree, grunt_megastairs_4,
          uniq_nessos
Lair:5:   hangedman_lair_tendril_chambers, layout_regular_city, st_stairs_3
Snake:1:  layout_honeycomb
Snake:2:  layout_misc_corridors, basic_altar, uniq_vashnia, uniq_aizul
Orc:1:    layout_diamond_mine
Orc:2:    pubby_orc_utopia

Skill      XL: |  1  2  3  4  5  6  7  8  9 10 11 12 13 14 15 16 |
---------------+-------------------------------------------------+-----
Dodging        | 1 2 3 4 5 6 8 9 11 13 15 16 | 16.2
Short Blades   | 2 3 4 5 6 7 9 10 12 | 12.2
Fighting       | 3 4 6 7 9 11 13 15 16 17 | 17.8
Spellcasting   | 1 2 3 4 5 6 7 |  7.0
Necromancy     | 1 5 |  5.0
Armour         | 2 |  2.4
Throwing       | |  1.7
Stealth        | |  3.6
Ice Magic      | |  0.3

Action                     |  1- 3 |  4- 6 |  7- 9 | 10-12 | 13-15 | 16-18 || total
---------------------------+-------+-------+-------+-------+-------+-------++-------
  Melee: Dagger            |    90 |   210 |   133 |   402 |   602 |       ||  1437
         Punch             |       |     1 |     2 |     7 |    19 |     3 ||    32
         Touch             |       |       |    20 |    95 |   319 |    41 ||   475
         Quick blade       |       |       |       |       |   850 |   164 ||  1014
  Throw: Dart              |       |     4 |     1 |     4 |     1 |       ||    10
         Throwing net      |       |       |     2 |     1 |     5 |       ||     8
   Cast: Freeze            |       |    16 |    89 |    85 |       |       ||   190
         Jinxbite          |       |       |     4 |   129 |   145 |       ||   278
         Vampiric Draining |       |       |       |       |    68 |     5 ||    73
 Invoke: Serpent's Lash    |       |       |       |       |    13 |     1 ||    14
Ability: Lunge             |       |       |       |    14 |   126 |    14 ||   154
         Whirlwind         |       |       |       |    10 |   195 |    21 ||   226
  Evoke: Wand              |       |       |     5 |     4 |     8 |       ||    17
    Use: Potion            |     2 |     3 |       |     3 |     7 |       ||    15
         Scroll            |     1 |     3 |     8 |    12 |    11 |     1 ||    36
   Stab: Sleeping          |     4 |    11 |     3 |     8 |    58 |     8 ||    92
         Paralysed         |       |    10 |    57 |    92 |   141 |     2 ||   302
         Held in net/web   |       |       |       |     1 |     3 |       ||     4
         Invisible         |       |       |       |       |     3 |       ||     3
         Distracted        |       |       |       |       |     1 |       ||     1
 Armour: Robe              |    49 |    28 |       |       |       |       ||    77
         Leather armour    |       |    64 |    47 |       |       |       ||   111
         Steam dragon scal |       |       |    35 |    47 |       |       ||    82
         Troll leather arm |       |       |       |   109 |   239 |    24 ||   372
         Ring mail         |       |       |       |       |    34 |       ||    34
  Dodge: Dodged            |    60 |   117 |   131 |   324 |   831 |    58 ||  1521

Table legend: (Time is in decaauts)
 A = Elapsed time spent in this place.
 B = Non-inter-level travel time spent in this place.
 C = Inter-level travel time spent in this place.
 D = Time resting spent in this place.
 E = Time spent auto-exploring this place.
 F = Levels seen in this place.
 G = Mean time per level.
                   A        B        C        D        E       F      G
               +--------+--------+--------+--------+--------+-----+--------+
         Total |  28097 |  26800 |   1297 |   2554 |  18546 |  28 | 1003.5 |
       Dungeon |  16225 |  15589 |    636 |   1583 |  10927 |  15 | 1081.7 |
        Temple |      1 |      1 |      0 |      0 |      0 |   1 |    1.0 |
          Lair |   7589 |   7187 |    402 |    604 |   4980 |   5 | 1517.8 |
     Snake Pit |   1048 |    995 |     53 |      0 |    820 |   2 |  524.0 |
  Orcish Mines |   2241 |   2036 |    205 |      0 |   1603 |   2 | 1120.5 |
      Ice Cave |     13 |     13 |      0 |      0 |      0 |   1 |   13.0 |
       Volcano |    236 |    236 |      0 |      0 |    154 |   1 |  236.0 |
      Gauntlet |    740 |    740 |      0 |    367 |     61 |   1 |  740.0 |
               +--------+--------+--------+--------+--------+-----+--------+

Top non-repeatable levels by time:
     D:5: 1859 daAuts
   Orc:2: 1793 daAuts
  Lair:5: 1750 daAuts
  Lair:3: 1660 daAuts
  Lair:1: 1548 daAuts
    D:10: 1540 daAuts
     D:8: 1530 daAuts
  Lair:2: 1511 daAuts
     D:4: 1332 daAuts
     D:7: 1320 daAuts
  Lair:4: 1119 daAuts
     D:2: 1054 daAuts
    D:13: 1009 daAuts
     D:9: 986 daAuts
 Snake:1: 983 daAuts
